 Dungeon Crawl Stone Soup version 0.25.0-15-gac7dcb8919 (webtiles) character file.

Game seed: 753690630073378255

326 protoss039 the Purveyor of Pain (level 6, -10/34 HPs)
             Began as a Vampire Necromancer on June 30, 2020.
             Was an Initiate of Kikubaaqudgha.
             Killed by divine providence
             ... invoked by an orc priest
              (14 damage)
             ... on level 4 of the Dungeon.
             The game lasted 00:14:49 (4321 turns).

protoss039 the Purveyor of Pain (VpNe)              Turns: 4321, Time: 00:14:50

Health: -10/34     AC:  0    Str:  5 (7)  XL:     6   Next: 24%
Magic:  0/13       EV: 20    Int: 18 (20) God:    Kikubaaqudgha [......]
Gold:   143        SH:  0    Dex: 17 (19) Spells: 5/14 levels left

rFire    . . .     SeeInvis +   (weapon currently unavailable)
rCold    + + .     Gourm    .   (shield currently unavailable)
rNeg     + + +     Faith    .   (armour currently unavailable)
rPois    ∞         Spirit   .   (helmet currently unavailable)
rElec    .         Reflect  .   (cloak currently unavailable)
rCorr    .         Harm     .   (gloves currently unavailable)
MR       .....                  (boots currently unavailable)
Stlth    +++++.....             (no amulet)
HPRegen  0.00/turn              (ring currently unavailable)
MPRegen  0.13/turn              (ring currently unavailable)

@: bat-form, flying, bloodless, very quick
A: tiny, no food, fangs 3, see invisible
a: Revivify, End Transformation, Renounce Religion


You were on level 4 of the Dungeon.
You worshipped Kikubaaqudgha.
Kikubaaqudgha was noncommittal.
You were bloodless.
You were in vampire-bat-form.
You visited 2 branches of the dungeon, and saw 5 of its levels.

You collected 143 gold pieces.

Inventory:

Hand Weapons
 e - a +0 dagger (melded)
Armour
 a - a +0 robe (melded)
 u - a +0 cloak (melded)
Magical Staves
 q - an uncursed staff of poison {unknown}
Jewellery
 t - an uncursed amulet of guardian spirit {unknown}
Scrolls
 b - 2 scrolls of fear {unknown}
 c - a scroll of noise {unknown}
 f - a scroll of magic mapping {unknown}
 h - 2 scrolls of remove curse {unknown}
 i - 3 scrolls of teleportation {unknown}
 j - 4 scrolls of identify {unknown}
 l - a scroll of amnesia {unknown}
 n - a scroll of random uselessness {unknown}
 p - a scroll of enchant weapon {unknown}
 s - a scroll of immolation {unknown}
Potions
 d - a potion of stabbing {unknown}
 g - 2 potions of resistance {unknown}
 k - a potion of lignification {unknown}
 m - a potion of heal wounds {unknown}
 o - a potion of brilliance {unknown}
 r - 2 potions of curing {unknown}
 v - a potion of degeneration {unknown}
 w - a potion of berserk rage {unknown}


   Skills:
 + Level 1.0 Fighting
 - Level 1.0 Short Blades
 - Level 2.2 Dodging
 + Level 4.0 Stealth
 * Level 4.7 Spellcasting
 + Level 5.7 Necromancy


You had 5 spell levels left.
You knew the following spells:

 Your Spells              Type           Power        Failure   Level  Hunger
a - Pain                  Necr           ###.         1%          1    N/A
b - Animate Skeleton      Necr           N/A          1%          1    N/A
c - Vampiric Draining     Necr           ###.......   4%          3    N/A
d - Animate Dead          Necr           N/A          13%         4    N/A

Your spell library contained the following spells:

 Spells                   Type           Power        Failure   Level  Hunger
 Agony                    Necr           ###.....     36%         5    N/A

Dungeon Overview and Level Annotations

Branches:
Dungeon (4/15)             Temple (1/1) D:4

Altars:
Cheibriados
Dithmenos
Elyvilon
Gozag
Hepliaklqana
Kikubaaqudgha
Nemelex Xobeh
Okawaru
Qazlal
Ru
Sif Muna
Trog
Uskayaw
Wu Jian
Xom
Yredelemnul
Zin

Shops:
D:4 (=

Annotations:
D:4 2 exclusions, Dowan, Duvessa, Grinder


Innate Abilities, Weirdness & Mutations

You do not eat.
You do not regenerate when monsters are visible.
You are frail without blood (-20% HP).
You can heal yourself when you bite living creatures.
You are immune to poison.
You have razor-sharp teeth.
You have supernaturally acute eyesight. (SInv)
((You can survive without breathing.))


Message History

An orc comes into view. It is wielding a +0 hand axe.
You see here 12 gold pieces.
You now have 143 gold pieces (gained 12).
The orc priest calls down the wrath of Beogh upon you.
Beogh smites you!
* * * LOW HITPOINT WARNING * * *
Okay, then.
The orc hits you but does no damage.
The orc shouts!
You see here a book of Necromancy.
Okay, then.
Okay, then.
You turn into a vampire bat.
Your +0 dagger melds into your body.
Your +0 cloak melds into your body.
Your +0 robe melds into your body.
You feel weakened.
You feel dopey.
You feel clumsy. The orc barely misses you.
The orc priest mumbles some strange prayers to Beogh against you.
Beogh smites you!
You die...
Kikubaaqudgha rasps: "You have failed me!
Welcome... oblivion!"

##.##.##..# #.######.#
##...#.##..# #.##%..#.#
##......##..# #....#...###
#...........####.o.........
##.........oo.o...#.∩.#####
##...#####:#####.....#
##.## #o# ##..#.#
#.######.# #.##.#
#..(.∩)b.# #.##.#
########## #.##.# #.# .#
#.# .# #.. ###


You could see an orc priest and 2 orcs.

Vanquished Creatures
  Edmund (D:4)
  A jelly (D:4)
  Crazy Yiuf (D:3)
  Terence (D:3)
  A worker ant (D:4)
  2 adders
  An ooze (D:2)
  2 worms (D:3)
  2 dart slugs
  3 leopard geckos
  3 orcs
  2 ball pythons
  5 bats
  4 giant cockroaches
  12 goblins
  10 hobgoblins
  2 jackals (D:3)
  6 frilled lizards
  10 kobolds
  4 rats
73 creatures vanquished.

Vanquished Creatures (collateral kills)
  A dart slug (D:3)
  2 bats
  A frilled lizard (D:2)
  A kobold (D:3)
5 creatures vanquished.

Grand Total: 78 creatures vanquished

Notes
Turn   | Place    | Note
-------+----------+-------------------------------------------
     0 | D:1      | protoss039 the Vampire Necromancer began the quest for the
                  | Orb.
     0 | D:1      | Reached XP level 1. HP: 13/13 MP: 3/3
   191 | D:1      | Reached XP level 2. HP: 11/19 MP: 0/5
   668 | D:1      | Reached skill level 5 in Necromancy
   684 | D:1      | Reached XP level 3. HP: 11/20 MP: 0/6
  1281 | D:2      | Learned a level 1 spell: Animate Skeleton
  1285 | D:2      | Learned a level 3 spell: Vampiric Draining
  1676 | D:2      | Found a hide-covered altar of Uskayaw.
  1696 | D:2      | Found an opulent altar of Gozag.
  1906 | D:3      | Found a shimmering blue altar of Sif Muna.
  2102 | D:3      | Reached XP level 4. HP: 11/24 MP: 2/8
  2494 | D:3      | Reached skill level 1 in Short Blades
  2934 | D:3      | Noticed Terence
  2939 | D:3      | Killed Terence
  2939 | D:3      | Reached skill level 1 in Fighting
  3256 | D:3      | Found a basalt altar of Yredelemnul.
  3354 | D:3      | Found a runed translucent door.
  3355 | D:3      | Noticed Crazy Yiuf
  3368 | D:3      | Killed Crazy Yiuf
  3368 | D:3      | Reached XP level 5. HP: 15/29 MP: 2/10
  3388 | D:3      | Learned a level 4 spell: Animate Dead
  3678 | D:4      | Found a staircase to the Ecumenical Temple.
  3706 | Temple   | Entered the Ecumenical Temple
  3743 | Temple   | Became a worshipper of Kikubaaqudgha
  3805 | D:4      | Found a white marble altar of Elyvilon.
  3838 | D:4      | Noticed Duvessa
  4000 | D:4      | Noticed Dowan
  4267 | D:4      | Found Dikhloczu's Jewellery Boutique.
  4278 | D:4      | Noticed Grinder
  4284 | D:4      | Noticed Edmund
  4288 | D:4      | Found Umeekkoca's Weapon Boutique.
  4301 | D:4      | Killed Edmund
  4301 | D:4      | Reached XP level 6. HP: 26/34 MP: 2/13
  4321 | D:4      | Killed from afar by an orc priest

Illustrated notes

Levels and vault maps discovered:
D:1:      dpeg_arrival_triangle_fractal, layout_basic
D:2:      layout_rooms, grunt_gozag_statues, overflow_temple_1_default,
          serial_bayou_pond_e
D:3:      layout_loops_ring, overflow_temple_1_default,
          overflow_temple_1_default, uniq_terence, uniq_crazy_yiuf_cottage
D:4:      layout_loops_ring, elyvilon_altar_4, temple_statues, serial_shops,
          nicolae_shop_stone, shop, shop, uniq_grinder, uniq_edmund,
          uniq_duvessa
Temple:   nicolae_temple_x_marks_the_god

Skill      XL: |  1  2  3  4  5 |
---------------+----------------+-----
Necromancy     | 5 |  5.7
Short Blades   | 1 |  1.0
Fighting       | 1 |  1.0
Stealth        | 4 |  4.0
Spellcasting   | 3 4 |  4.7
Dodging        | |  2.2

Action                   |  1- 3 |  4- 6 || total
-------------------------+-------+-------++-------
Melee: Unarmed           |    22 |       ||    22
       Bite              |     6 |     8 ||    14
       Dagger            |    30 |    53 ||    83
 Cast: Pain              |    49 |    68 ||   117
       Animate Skeleton  |     6 |     9 ||    15
 Abil: Exsanguinate      |     1 |       ||     1
       Bat Form          |       |     1 ||     1
 Stab: Sleeping          |    12 |     1 ||    13
Armor: Robe              |    13 |    14 ||    27
Dodge: Dodged            |    50 |    57 ||   107
